 Dungeon Crawl Stone Soup version 0.30.0-15-g856e2d3f33 (webtiles) character file.

Game seed: 15840570867265148663

28 NotreDorf the Grave Robber (level 2, 0/19 HPs)
             Began as a Mummy Necromancer on May 19, 2023.
             Slain by a hobgoblin (6 damage)
             ... led by Robin
             ... on level 2 of the Dungeon.
             The game lasted 00:03:55 (1111 turns).

NotreDorf the Grave Robber (Mummy Necromancer)      Turns: 1111, Time: 00:03:55

Health: 0/19       AC:  2    Str: 11    XL:     2   Next: 96%
Magic:  1/6        EV: 12    Int: 14    God:
Gold:   67         SH:  0    Dex: 12    Spells: 5/8 levels left

rFire   x . .        c - +0 whip
rCold   + . .        (no shield)
rNeg    + + +        a - +0 robe
rPois   ∞            (no helmet)
rElec   .            (no cloak)
rCorr   .            (no gloves)
SInv    .            (no boots)
Will    .....        (no amulet)
Stlth   ++           (no ring)
HPRegen 0.23/turn    (no ring)
MPRegen 0.10/turn

%: faith
@: no status effects
A: cold resistance 1, negative energy resistance 3, torment resistance 2, heat
vulnerability 1, no potions, faith
a: no special abilities


You were on level 2 of the Dungeon.
You visited 1 branch of the dungeon, and saw 2 of its levels.

You collected 67 gold pieces.

Inventory:

Hand Weapons
 c - a +0 whip (weapon)
Armour
 a - a +0 robe (worn)
Scrolls
 b - a scroll of poison {unknown}
 d - 3 scrolls of teleportation {unknown}


   Skills:
 - Level 1.5 Dodging
 - Level 1.5 Stealth
 + Level 3.6 Spellcasting
 + Level 4.5 Necromancy


You had 5 spell levels left.
You knew the following spells:

 Your Spells              Type           Power      Damage    Failure   Level
a - Necrotise             Necr           60%        1d7       3%          1
b - Blink                 Tloc           4%         N/A       30%         2

Your spell library contained the following spells:

 Spells                   Type           Power      Damage    Failure   Level
 Vampiric Draining        Necr           15%        2d7       10%         3
 Lesser Beckoning         Tloc           4%         N/A       30%         2
 Momentum Strike          Conj/Tloc      4%         3d8       30%         2
 Animate Dead             Necr           15%        N/A       30%         4
 Agony                    Necr           15%        N/A       65%         5
 Petrify                  Tmut/Erth      2%         N/A       89%         4
 Irradiate                Conj/Tmut      1%         3d12      99%         5
 Sublimation of Blood     Necr           Unusable   N/A       N/A         2

Dungeon Overview and Level Annotations

Branches:
Dungeon (2/15)

Altars:

Shops:
D:1 =

Annotations:
D:2 Robin


Innate Abilities, Weirdness & Mutations

You are immune to poison.
Your flesh is cold resistant. (rC+)
You are immune to negative energy. (rN+++)
You are immune to unholy pain and torment.
You are vulnerable to heat. (rF-)
You do not drink.
You have a special connection with the divine. (Faith)


Message History

Casting: Necrotise (safe; 3% risk of failure)
Confirm with . or Enter, or press ? or * to list all spells.
Aiming: Necrotise (safe; 3% risk of failure)
Press: ? - help, Shift-Dir - straight line, f - goblin, p - goblin
Aim: a goblin, wielding a +0 dagger (strong, chance to affect: 85%)
The goblin writhes in agony.
You kill the goblin!
The dead are walking!
Your goblin skeleton hits the goblin.
The hobgoblin hits you.
A goblin comes into view. It is wielding a +0 dagger.
The goblin hits you with a +0 dagger.
A goblin comes into view. It is wielding a +0 club.
Robin throws the goblin at you! The hobgoblin attacks as you move away!
The hobgoblin barely misses you.
Your goblin skeleton closely misses the goblin.
Things that are here:
a +0 dagger; 7 gold pieces The goblin hits your goblin skeleton with a +0 dagger.
There is a stone staircase leading down here.
Your goblin skeleton closely misses the goblin.
Your goblin skeleton hits the goblin.
The goblin hits your goblin skeleton with a +0 dagger.
Robin throws the goblin at you!
Your goblin skeleton misses the goblin.
Robin throws the goblin at you! The goblin barely misses you.
The goblin closely misses you.
The goblin hits your goblin skeleton with a +0 dagger.
Your goblin skeleton hits the goblin.
Your goblin skeleton closely misses the goblin.
The goblin hits your goblin skeleton with a +0 dagger.
Your goblin skeleton is destroyed!
The goblin barely misses you. The goblin attacks as you move away!
The goblin barely misses you.
Your goblin skeleton hits the goblin.
Something hits your goblin skeleton. The goblin attacks as you move away!
The goblin hits you but does no damage. The hobgoblin attacks as you move away!
The hobgoblin hits you. The goblin attacks as you move away!
The goblin misses you.
The goblin no longer looks unusually strong.
There is a stone staircase leading up here.
The hobgoblin hits you.
You die...

##.###.# .#
#...##.## ##.#
#...##..#### ...
#..........##.#
#...####......###..
#...#####Z...)...g.
#........>).g.....#
#..gg.g..#####g####
#.@g..gg## ..
#...g...# ##
#.......# #.......#
#.......# #########


You could see a hobgoblin (strong, ally target), 6 goblins and a friendly goblin
skeleton.

Vanquished Creatures
  A ball python (D:2)
  A bat (D:1)
  An endoplasm (D:1)
  2 giant cockroaches (D:1)
  2 hobgoblins (D:1)
  2 kobolds (D:1)
  A quokka (D:1)
  2 frilled lizards (D:2)
  6 goblins
  8 rats (D:1)
26 creatures vanquished.

Notes
Turn   | Place    | Note
-------+----------+-------------------------------------------
     0 | D:1      | NotreDorf the Mummy Necromancer began the quest for the
                  | Orb.
     0 | D:1      | Reached XP level 1. HP: 13/13 MP: 4/4
   221 | D:1      | Reached XP level 2. HP: 19/19 MP: 4/6
   375 | D:1      | Found Nyjaiwn's Jewellery Emporium.
   959 | D:1      | Learned a level 2 spell: Blink
  1094 | D:2      | Noticed Robin
  1111 | D:2      | Slain by a hobgoblin

Illustrated notes

Levels and vault maps discovered:
D:1:      minmay_arrival_stair_chambers, layout_basic, serial_shops,
          nicolae_shop_temple_entry_statues_fountains, minmay_misc_feat_tiny,
          minmay_distorted
D:2:      layout_rooms, nrook_campfire, uniq_robin, uniq_crazy_yiuf_cottage

Skill      XL: |  1 |
---------------+----+-----
Spellcasting   | 3 |  3.6
Dodging        | |  1.5
Stealth        | |  1.5
Necromancy     | |  4.5

Action                     || total
---------------------------++-------
  Melee: Whip              ||     8
   Cast: Necrotise         ||    43
 Armour: Robe              ||     5
  Dodge: Dodged            ||    13
